 Dungeon Crawl Stone Soup version 0.31-a0-176-g91f28db67f (webtiles) character file.

Game seed: 9852033250676118486

282 qw the Shooter (level 6, 0/57 HPs)
             Began as a Naga Hunter on June 17, 2023.
             Slain by a scorpion (4 damage)
             ... on level 4 of the Dungeon.
             The game lasted 00:00:56 (2445 turns).

qw the Shooter (Naga Hunter)                        Turns: 2445, Time: 00:00:57

Health: 0/57       AC:  9    Str: 17    XL:     6   Next: 28%
Magic:  6/6        EV:  9    Int:  8    God:
Gold:   15         SH:  0    Dex: 16    Spells: 5/5 levels left

rFire   . . .        Y - +1 shortbow
rCold   . . .        (shield currently unavailable)
rNeg    . . .        c - +0 leather armour
rPois   +            b - +0 helmet
rElec   .            (no cloak)
rCorr   .            e - +0 pair of gloves
SInv    +            (no barding)
Will    .....        (no amulet)
Stlth   ++           (no ring)
HPRegen 0.29/turn    (no ring)
MPRegen 0.10/turn

%: no passive effects
@: short of breath, very slow
A: AC +2, large, see invisible, deformed body, poison resistance, slowness 2,
spit poison 1, naga tail 1, iridescent scales 2, strong 1
a: Spit Poison


You were on level 4 of the Dungeon.
You visited 1 branch of the dungeon, and saw 4 of its levels.

You collected 129 gold pieces.
You spent 114 gold pieces at shops.


Innate Abilities, Weirdness & Mutations

Your serpentine skin is tough. (AC +2)
You have supernaturally acute eyesight. (SInv)
Armour fits poorly on your strangely shaped body.
Your system is resistant to poisons. (rPois)
You cover ground very slowly.
You can spit poison.
You have a snake-like lower body.
You are mostly covered in iridescent scales. (AC +4)
Your muscles are strong. (Str +4, Int/Dex -1)


   Skills:
 + Level 3.7 Fighting
 - Level 6.0 Ranged Weapons
 - Level 1.5 Dodging
 - Level 1.5 Stealth


You had 5 spell levels left.
You didn't know any spells.
Your spell library was empty.

Inventory:

Hand Weapons
 Y - a +1 shortbow (weapon)
Armour
 a - the +1 robe of Classification {rPois rN+}
   (You bought it in a shop on level 4 of the Dungeon)

   rPois:     It protects you from poison.
   rN:        It protects you from negative energy.
 b - a +0 helmet (worn)
 c - a +0 leather armour (worn)
 e - a +0 pair of gloves (worn)
Scrolls
 g - 2 scrolls of identify
Potions
 d - 3 potions of curing
 i - a potion of lignification {unknown}
 j - a potion of haste {unknown}
 k - a potion of enlightenment

Dungeon Overview and Level Annotations

Branches:
Dungeon (4/15)
 Temple: D:4-7

Altars:
Cheibriados
Gozag
Qazlal

Shops:
D:3 [   D:4 [


Message History

The splash of poison misses the scorpion.
The scorpion stings you.
You shoot an arrow. The arrow closely misses the scorpion.
The scorpion stings you.
You shoot an arrow. The arrow hits the scorpion.
The scorpion is moderately wounded.
The scorpion stings you but does no damage.
The scorpion closely misses you.
The gnoll hits you from afar with a +0 spear.
The gnoll hits you with a +0 flail!
You shoot an arrow. The arrow hits the scorpion.
The scorpion is moderately wounded.
The scorpion stings you but does no damage.
The gnoll hits you from afar with a +0 spear!
The gnoll hits you with a +0 flail.
You shoot an arrow.
The arrow completely misses the scorpion.
The scorpion stings you but does no damage.
The gnoll barely misses you. The gnoll hits you with a +0 flail.
You shoot an arrow. The arrow hits the scorpion.
The scorpion is heavily wounded.
The scorpion closely misses you.
The gnoll hits you from afar with a +0 spear.
The gnoll hits you but does no damage. The scorpion barely misses you.
You shoot an arrow. The arrow barely misses the scorpion.
You have got your breath back.
The gnoll hits you from afar with a +0 spear.
The scorpion stings you but does no damage.
The gnoll hits you with a +0 flail.
2444 ||| INVOKING Spit Poison.
Aiming: Spit Poison (1% risk of failure)
Press: ? - help, Shift-Dir - straight line, f/p - scorpion The splash of poison hits the scorpion but does no damage.
The scorpion is poisoned.
The scorpion is heavily wounded.
The scorpion closely misses you. The gnoll closely misses you.
The gnoll hits you with a +0 flail.
You shoot an arrow. The arrow closely misses the scorpion.
The scorpion stings you.
You die...

###### ### #.....
###.#######.## ##.####
..))g)g......#####..####
###sg...)..P....#.?.
#@###.##.~~~.)#.## #.#
#.##~~~~~~#.# #.#
#.##.~~~~...# #.#
#.##.~~~~.#.# #..
..##......#.# ###
..###.#####.## #..##..#
#... #..##.######.##
#..............


You could see a scorpion (poisoned) and 2 gnolls.

Vanquished Creatures
  A phantom (D:4)
  A water moccasin skeleton (D:4)
  An iguana (D:4)
  A hound zombie (D:4)
  2 gnolls (D:4)
  2 adders (D:3)
  2 dart slugs
  6 orcs
  5 ball pythons
  4 endoplasms
  6 giant cockroaches
  6 goblins
  10 hobgoblins
  4 jackals (D:4)
  2 quokkas
  8 bats
  2 frilled lizards
  2 kobolds
  3 rats
68 creatures vanquished.

Notes
Turn   | Place    | Note
-------+----------+-------------------------------------------
     0 | D:1      | qw the Naga Hunter began the quest for the Orb.
     0 | D:1      | Reached XP level 1. HP: 19/19 MP: 1/1
     0 | D:1      | 0 ||| qw: Version: 0.3-a-5-g6f28e65
     0 | D:1      | 0 ||| qw: Game counter: 462
     0 | D:1      | 0 ||| qw: Always use a shield: true
     0 | D:1      | 0 ||| qw: God list: Okawaru
     0 | D:1      | 0 ||| qw: Allow faded altars: false
     0 | D:1      | 0 ||| qw: Do Orc after D:15 true
     0 | D:1      | 0 ||| qw: Do second Lair branch before Depths: true
     0 | D:1      | 0 ||| qw: Lair rune preference: random
     0 | D:1      | 0 ||| qw: Plans: Normal
     0 | D:1      | 0 ||| PLANNING D:1-11
     3 | D:1      | Noticed an electric eel
     4 | D:1      | Noticed an electric eel
    24 | D:1      | 24 ||| INVOKING Spit Poison.
    39 | D:1      | 39 ||| INVOKING Spit Poison.
   105 | D:1      | 105 ||| INVOKING Spit Poison.
   205 | D:1      | 205 ||| INVOKING Spit Poison.
   216 | D:1      | 216 ||| INVOKING Spit Poison.
   217 | D:1      | Reached skill level 4 in Ranged Weapons
   217 | D:1      | Reached XP level 2. HP: 26/26 MP: 2/2
   241 | D:1      | 241 ||| INVOKING Spit Poison.
   324 | D:1      | 324 ||| INVOKING Spit Poison.
   352 | D:1      | 352 ||| INVOKING Spit Poison.
   362 | D:1      | 362 ||| INVOKING Spit Poison.
   493 | D:1      | 493 ||| INVOKING Spit Poison.
   522 | D:1      | 522 ||| INVOKING Spit Poison.
   523 | D:1      | 523 ||| INVOKING Spit Poison.
   552 | D:1      | 552 ||| INVOKING Spit Poison.
   570 | D:1      | 570 ||| UPGRADING to +0 pair of gloves.
   575 | D:1      | 575 ||| READING scroll labelled HUSSEI HILIRIMN.
   676 | D:1      | 676 ||| READING scroll labelled RELO XATAESO.
   677 | D:1      | 677 ||| READING scroll labelled JEGIOM YTITUO.
   680 | D:1      | 680 ||| READING scroll labelled WUASMATIWOL.
   681 | D:1      | 681 ||| DROPPING scroll of butterflies.
   736 | D:2      | 736 ||| INVOKING Spit Poison.
   739 | D:2      | Reached XP level 3. HP: 32/32 MP: 3/3
   745 | D:2      | 745 ||| INVOKING Spit Poison.
   746 | D:2      | 746 ||| INVOKING Spit Poison.
   758 | D:2      | Found an opulent altar of Gozag.
   770 | D:2      | 770 ||| INVOKING Spit Poison.
   779 | D:2      | 779 ||| INVOKING Spit Poison.
   819 | D:2      | 819 ||| INVOKING Spit Poison.
   874 | D:2      | 874 ||| INVOKING Spit Poison.
   882 | D:2      | 882 ||| INVOKING Spit Poison.
   887 | D:2      | 887 ||| INVOKING Spit Poison.
   891 | D:2      | 891 ||| INVOKING Spit Poison.
   949 | D:2      | 949 ||| INVOKING Spit Poison.
   950 | D:2      | 950 ||| INVOKING Spit Poison.
   988 | D:2      | 988 ||| INVOKING Spit Poison.
  1177 | D:2      | 1177 ||| INVOKING Spit Poison.
  1385 | D:2      | 1385 ||| READING scroll labelled BUYCKU AJATU.
  1386 | D:2      | 1386 ||| READING 3 scrolls labelled IMIMENT FUTOUPH.
  1387 | D:2      | 1387 ||| DRINKING 2 murky inky potions.
  1387 | D:2      | Gained mutation: You are frail. (-10% HP) [potion of
                  | mutation]
  1387 | D:2      | Gained mutation: You occasionally lose the ability to drink
                  | potions when taking damage. [potion of mutation]
  1388 | D:2      | 1388 ||| DRINKING potion of mutation.
  1388 | D:2      | Lost mutation: You are frail. (-10% HP) [potion of
                  | mutation]
  1388 | D:2      | Lost mutation: You occasionally lose the ability to drink
                  | potions when taking damage. [potion of mutation]
  1388 | D:2      | Gained mutation: You are partially covered in iridescent
                  | scales. (AC +2) [potion of mutation]
  1388 | D:2      | Gained mutation: You are mostly covered in iridescent
                  | scales. (AC +4) [potion of mutation]
  1388 | D:2      | Gained mutation: Your muscles are strong. (Str +4, Int/Dex
                  | -1) [potion of mutation]
  1403 | D:2      | 1403 ||| DRINKING 4 emerald potions.
  1404 | D:2      | 1404 ||| DROPPING 2 scrolls of noise.
  1465 | D:3      | 1465 ||| INVOKING Spit Poison.
  1482 | D:3      | 1482 ||| INVOKING Spit Poison.
  1488 | D:3      | 1488 ||| INVOKING Spit Poison.
  1492 | D:3      | Reached skill level 5 in Ranged Weapons
  1492 | D:3      | Reached XP level 4. HP: 39/39 MP: 4/4
  1497 | D:3      | Found a snail-covered altar of Cheibriados.
  1499 | D:3      | 1499 ||| INVOKING Spit Poison.
  1503 | D:3      | 1503 ||| INVOKING Spit Poison.
  1545 | D:3      | Found a faded altar of an unknown god.
  1619 | D:3      | 1619 ||| INVOKING Spit Poison.
  1624 | D:3      | 1624 ||| INVOKING Spit Poison.
  1661 | D:3      | 1661 ||| INVOKING Spit Poison.
  1716 | D:3      | Found a stormy altar of Qazlal.
  1719 | D:3      | Found Odabiyl's Armour Boutique.
  1722 | D:3      | 1722 ||| INVOKING Spit Poison.
  1729 | D:3      | 1729 ||| SHOPLISTING +0 leather armour of Prudence {Fly rC+
                  | Will+ Dex-3} (191 gold, have 110).
  1729 | D:3      | 1729 ||| SHOPLISTING +0 leather armour of Ycsig {Str+6}
                  | (237 gold, have 110).
  1844 | D:3      | 1844 ||| INVOKING Spit Poison.
  1845 | D:3      | 1845 ||| INVOKING Spit Poison.
  1866 | D:3      | Identified the +5 dagger "Koenn" {antimagic, Str+2}
  1906 | D:3      | 1906 ||| INVOKING Spit Poison.
  1910 | D:3      | 1910 ||| INVOKING Spit Poison.
  1994 | D:3      | 1994 ||| UPGRADING to +0 helmet.
  1999 | D:3      | 1999 ||| READING scroll labelled LETWAKECZA.
  2000 | D:3      | 2000 ||| READING scroll labelled FEILLE MIZE.
  2001 | D:3      | 2001 ||| DRINKING 2 green potions.
  2002 | D:3      | 2002 ||| READING 2 scrolls of identify.
  2002 | D:3      | 2002 ||| IDENTIFYING glowing purple potion
  2003 | D:3      | 2003 ||| DROPPING potion of attraction.
  2044 | D:4      | Found Zexoimin's Antique Armour Boutique.
  2053 | D:4      | 2053 ||| SHOPLISTING pearl-encrusted ring mail (180 gold,
                  | have 117).
  2053 | D:4      | 2053 ||| BUYING tattered robe (114 gold).
  2053 | D:4      | Bought a tattered robe for 114 gold pieces
  2053 | D:4      | Identified the +1 robe of Classification {rPois rN+} (You
                  | bought it in a shop on level 4 of the Dungeon)
  2057 | D:4      | 2057 ||| INVOKING Spit Poison.
  2065 | D:4      | 2065 ||| INVOKING Spit Poison.
  2066 | D:4      | Noticed a phantom
  2081 | D:4      | Reached skill level 3 in Fighting
  2081 | D:4      | Reached XP level 5. HP: 27/49 MP: 5/5
  2088 | D:4      | 2088 ||| INVOKING Spit Poison.
  2093 | D:4      | Killed a phantom
  2094 | D:4      | Reached XP level 6. HP: 26/56 MP: 6/6
  2094 | D:4      | 2094 ||| INVOKING Spit Poison.
  2096 | D:4      | HP: 10/56 [iguana (9)]
  2099 | D:4      | 2099 ||| INVOKING Spit Poison.
  2277 | D:4      | 2277 ||| INVOKING Spit Poison.
  2319 | D:4      | 2319 ||| INVOKING Spit Poison.
  2322 | D:4      | 2322 ||| INVOKING Spit Poison.
  2356 | D:4      | 2356 ||| INVOKING Spit Poison.
  2362 | D:4      | Found an opulent altar of Gozag.
  2414 | D:4      | 2414 ||| INVOKING Spit Poison.
  2418 | D:4      | 2418 ||| INVOKING Spit Poison.
  2422 | D:4      | 2422 ||| Stepping ~*~*~tactically~*~*~ (outnumbered).
  2423 | D:4      | 2423 ||| INVOKING Spit Poison.
  2428 | D:4      | 2428 ||| INVOKING Spit Poison.
  2429 | D:4      | Reached skill level 6 in Ranged Weapons
  2431 | D:4      | 2431 ||| INVOKING Spit Poison.
  2434 | D:4      | 2434 ||| INVOKING Spit Poison.
  2435 | D:4      | 2435 ||| Stepping ~*~*~tactically~*~*~ (outnumbered).
  2437 | D:4      | 2437 ||| INVOKING Spit Poison.
  2440 | D:4      | HP: 14/57 [gnoll/+0 flail (6)]
  2443 | D:4      | HP: 6/57 [gnoll/+0 flail (2)]
  2444 | D:4      | 2444 ||| INVOKING Spit Poison.
  2445 | D:4      | Slain by a scorpion

Levels and vault maps discovered:
D:1:      arrival_aquarium_b, layout_loops_ring
D:2:      layout_loops_ring, basic_altar
D:3:      layout_basic, grunt_qazlal_clouds, mainiacjoe_overflow_tiny_flanked,
          basic_ecumenical_altar, serial_shops, nicolae_shop_advertising_works
          [nicolae_subvault_shop_adworks], wander_ebering_terrifying_dragon_lair
D:4:      layout_loops_ring, nicolae_gozag_seed_capital, serial_undead,
          serial_undead_c, serial_undead_e, serial_undead_f, serial_undead_a,
          serial_shops, nicolae_shop_overgrown_old_shop

Skill      XL: |  1  2  3  4  5  6 |
---------------+-------------------+-----
Ranged Weapons | 4 5 6 |  6.0
Fighting       | 3 |  3.7
Dodging        | |  1.5
Stealth        | |  1.5

Action                     |  1- 3 |  4- 6 || total
---------------------------+-------+-------++-------
   Fire: Shortbow          |    62 |    86 ||   148
Ability: Spit Poison       |    27 |    26 ||    53
    Use: Scroll            |     6 |     3 ||     9
         Potion            |     3 |     1 ||     4
 Armour: Leather armour    |    13 |    27 ||    40
  Dodge: Dodged            |    20 |    28 ||    48

Table legend:
 A = Non-vault XP
 B = Vault XP
 C = Vault XP percentage of total XP
 D = Non-vault monster count
 E = Vault monster count
 F = Vault count percentage of total count
                 A         B        C        D         E       F
            +---------+---------+-------+---------+---------+-------
      Total |     205 |     199 |  49.3 |      64 |       4 |   5.9
            +---------+---------+-------+---------+---------+-------
        D:1 |      32 |       0 |   0.0 |      19 |       0 |   0.0
        D:2 |      28 |       0 |   0.0 |      14 |       0 |   0.0
        D:3 |      53 |       1 |   1.9 |      16 |       1 |   5.9
        D:4 |      92 |     198 |  68.3 |      15 |       3 |  16.7
            +---------+---------+-------+---------+---------+-------
